cohdb
Replays
Latest Replays
All Replays
Popular Replays
Top Player Replays
Match Explorer
How It Works
Community
CoH3 Stats
Reddit
Sign in to upload your games and track your stats! →
Sign in with Steam
Match 41446116
Unlisted
Match 41446116
Overview
Messages
Build Orders
End
Panzergrenadier Squad
250 Light Carrier
Selects Italian Infantry
Panzergrenadier Squad
Panzergrenadier Squad
Construct Light Support Kompanie
Selects Defensive Operations
Fire Support Elements
2.5-tonne Medical Truck
Pak 38 Mechanized Group
Combat Half-tracks
Construct Panzerarmee Kommand
Selects Guastatori Squad
Selects Guastatori Squad
Guastatori Squad
Veteran Squad Leaders
BearableBear
Henkolicious
Unsafe
donrizzi84
Horeneks
cannotseethis
Locöö
能力越小 责任越少
0
0
Comments
sign in to comment!
No comments posted yet!